 Dungeon Crawl Stone Soup version 0.27-a0-887-gcab673c142 (webtiles) character file.

Game seed: 9408099806146699823

23 leviel the Ruffian (level 2, 8/27 HPs)
             Began as a Ghoul Berserker on Apr 4, 2021.
             Was a Follower of Trog.
             Quit the game on level 1 of the Dungeon.
             The game lasted 00:02:11 (509 turns).

leviel the Ruffian (Ghoul Berserker)                 Turns: 509, Time: 00:02:11

Health: 8/27       AC:  2    Str: 19    XL:     2   Next: 95%
Magic:  1/1        EV: 12    Int:  3    God:    Trog [*.....]
Gold:   0          SH:  0    Dex:  8    Spells: 1/1 levels left

rFire    . . .     SeeInvis .     - Unarmed
rCold    + . .     Faith    .   (no shield)
rNeg     + + +     Spirit   .   a - +0 animal skin
rPois    ∞         Reflect  .   (no helmet)
rElec    .         Harm     .   (no cloak)
rCorr    .         Rampage  .   (no gloves)
Will     .....                  (no boots)
Stlth    +.........             (no amulet)
HPRegen  0.00/turn              (no ring)
MPRegen  0.07/turn              (no ring)

@: no status effects
A: claws 1, cold resistance 1, negative energy resistance 3, inhibited
regeneration, torment resistance 2, unbreathing 1
a: Renounce Religion


You were on level 1 of the Dungeon.
You worshipped Trog.
Trog was aware of your devotion.
You visited 1 branch of the dungeon, and saw 1 of its levels.

Inventory:

Armour
 a - a +0 animal skin (worn)


   Skills:
 + Level 3.7 Fighting
 + Level 1.8 Armour
 + Level 2.1 Dodging
 + Level 3.7 Unarmed Combat


You had one spell level left.
You didn't know any spells.
Your spell library was empty.

Dungeon Overview and Level Annotations

Branches:
Dungeon (1/15)

Altars:


Innate Abilities, Weirdness & Mutations

You thrive by killing the living.
You are immune to poison.
You have sharp fingernails.
Your flesh is cold resistant. (rC+)
You are immune to negative energy. (rN+++)
You do not regenerate when monsters are visible.
You are immune to unholy pain and torment.
You can survive without breathing.


Message History

You are frozen.
You resist.
You scratch the endoplasm but do no damage.
The endoplasm hits you.
You barely miss the endoplasm. The endoplasm hits you.
You scratch the endoplasm. You claw the endoplasm.
You kill the endoplasm!
Trog accepts your kill.
You feel better.
Your Dodging skill increases to level 2!
Okay, then.
A quokka comes into view.
A bat comes into view.
The quokka bites you.
You barely miss the quokka. The quokka bites you. The bat barely misses you.
You barely miss the quokka. The bat hits you but does no damage.
The bat hits you. The quokka bites you.
You closely miss the quokka. The bat hits you but does no damage.
The quokka bites you.
You closely miss the quokka. The bat hits you but does no damage.
The quokka misses you. The quokka bites you.
You are too injured to fight recklessly!
You are too injured to fight recklessly!
You closely miss the quokka. The bat closely misses you. The quokka misses you.
You claw the quokka!
You kill the quokka!
Trog accepts your kill. The bat misses you. The bat hits you.
The bat closely misses you.
You miss the bat. The bat hits you but does no damage.
The bat barely misses you. The bat hits you but does no damage.
The bat barely misses you. The bat closely misses you.
You are too injured to fight recklessly!
You are too injured to fight recklessly!
The bat barely misses you.
You barely miss the bat. The bat hits you but does no damage. The bat hits you.
* * * LOW HITPOINT WARNING * * *
Are you sure you want to abandon this character and quit the game? (Confirm with "yes".)

#.# #.#
##.#+####
###.......#
.........#
#.......#
+....b..#
#.#####..@....#
#........#...##
#######..#...#
#..#...#
.######..#...#
.'.......#...#
.#####...#...#
+.###>..#.###
#.......#


You could see a bat.

Vanquished Creatures
  A gnoll (D:1)
  A dart slug (D:1)
  2 endoplasms (D:1)
  A goblin (D:1)
  2 jackals (D:1)
  A quokka (D:1)
  A ball python (D:1)
  A kobold (D:1)
  A rat (D:1)
11 creatures vanquished.

Notes
Turn   | Place    | Note
-------+----------+-------------------------------------------
     0 | D:1      | leviel the Ghoul Berserker began the quest for the Orb.
     0 | D:1      | Reached XP level 1. HP: 19/19 MP: 0/0
    99 | D:1      | Reached XP level 2. HP: 26/26 MP: 1/1
   509 | D:1      | Quit the game

Illustrated notes

Levels and vault maps discovered:
D:1:      lemuel_arrival_room, layout_basic, basic_ecumenical_altar

Skill      XL: |  1  2 |
---------------+-------+-----
Dodging        | 2 |  2.1
Fighting       | |  3.7
Armour         | |  1.8
Unarmed Combat | |  3.7

Action                   || total
-------------------------++-------
Melee: Unarmed           ||    41
       Punch             ||     1
Armor: Animal skin       ||     9
Dodge: Dodged            ||    21

Table legend: (Time is in decaauts)
 A = Elapsed time spent in this place.
 B = Non-inter-level travel time spent in this place.
 C = Inter-level travel time spent in this place.
 D = Time resting spent in this place.
 E = Time spent auto-exploring this place.
 F = Levels seen in this place.
 G = Mean time per level.
                   A        B        C        D        E       F      G
               +--------+--------+--------+--------+--------+-----+--------+
         Total |    506 |    506 |      0 |    329 |    101 |   1 |  506.0 |
       Dungeon |    506 |    506 |      0 |    329 |    101 |   1 |  506.0 |
               +--------+--------+--------+--------+--------+-----+--------+

Top non-repeatable levels by time:
     D:1: 506 daAuts
